 Dungeon Sprint DCSS version 0.17-a0-2171-ga91b4ec (webtiles) character file.

18 Kidiri the Skirmisher (level 2, 0/28 HPs)
             Began as a Minotaur Fighter on Oct 25, 2015.
             Was an Initiate of Okawaru.
             Slain by a phantom (5 damage)
             ... in the Dungeon (Sprint VII: "The Pits").
             The game lasted 00:02:17 (200 turns).

Kidiri the Skirmisher (Minotaur Fighter)             Turns: 200, Time: 00:02:17

Health: 0/28       AC:  7    Str: 20    XL:     2   Next: 48%
Magic:  1/1        EV:  8    Int:  5    God:    Okawaru [......]
Gold:   0          SH:  9    Dex:  9    Spells: 0 memorised, 1 level left

rFire  . . .     SeeInvis .     k - +2 mace
rCold  . . .     Clarity  .     a - +0 scale mail
rNeg   . . .     SustAt   .     b - +0 shield
rPois  .         Gourm    .     (helmet restricted)
rElec  .         Spirit   .     (no cloak)
rCorr  .         Warding  .     (no gloves)
rMut   .         NoTele   +     (no boots)
MR     .....                    (no amulet)
Stlth  ..........               (no ring)
                                (no ring)

@: not resistant to hostile enchantments, extremely unstealthy
A: retaliatory headbutt, horns 2
a: Renounce Religion


You were in the Dungeon.
You worshipped Okawaru.
Okawaru was noncommittal.
You were not hungry.

You visited 1 branch

Inventory:

Hand Weapons
 k - a +2 mace (weapon)
Armour
 a - a +0 scale mail (worn)
 b - a +0 shield (worn)
Scrolls
 j - a scroll of blinking
 o - 3 scrolls of remove curse
 p - 5 scrolls of amnesia
 q - a scroll of summoning
Potions
 c - a potion of might
 e - a potion of curing
 f - a potion of heal wounds
 g - a potion of haste
 h - 4 potions of magic
 i - 3 potions of berserk rage
 n - 2 potions of invisibility
Comestibles
 d - 8 bread rations
 l - 40 fruits
 m - 7 meat rations
 r - 2 chunks of flesh


   Skills:
 * Level 4.6 Fighting
 * Level 2.4 Maces & Flails
 * Level 4.3 Armour
 * Level 1.6 Dodging
 * Level 4.5 Shields
 - Level 2.1 Unarmed Combat
 + Level 1.1 Invocations


You had one spell level left.
You didn't know any spells.

Dungeon Overview and Level Annotations

Branches:
Dungeon (1/1)

Altars:
Ashenzari
Cheibriados
Dithmenos
Elyvilon
Fedhas
Gozag
Kikubaaqudgha
Makhleb
Nemelex Xobeh
Okawaru
Qazlal
Ru
Sif Muna
Trog
Vehumet
Xom
Yredelemnul
Zin
The Shining One
Beogh
Jiyva
Lugonu


Innate Abilities, Weirdness & Mutations

You reflexively headbutt those who attack you in melee.
You have a pair of horns on your head.


Message History

You thump the phantom!
The phantom is lightly damaged.
The phantom blinks!
You barely miss the goblin. Your headbutt misses the goblin.
You block the goblin's attack.
The phantom blinks!
You miss the goblin. Your headbutt misses the goblin.
The goblin closely misses you. You furiously retaliate!
You headbutt the goblin!
You kill the goblin!
Okawaru accepts your kill. The phantom hits you.
Things that are here:
a dagger; a giant gecko corpse Unknown command.
You closely miss the phantom.
The phantom is lightly damaged.
The phantom hits you.
* * * LOW HITPOINT WARNING * * *
The phantom hits you.
You die...

#...........'.........
#+#####'#####......#..
#..#.)# #.........
#..'..# ####'#####
#..#### #.......#
#.รท#..# #.......#
#..#..# #.......#
##'#..#+###...<...#
#.W@.....##.......#
#........##.......#
###########.......#
#########


You could see a phantom.

Vanquished Creatures
  An ooze (D)
  A giant eyeball (D)
  2 bats (D)
  A bat skeleton (D)
  A goblin (D)
  A hobgoblin (D)
  A giant gecko (D)
  A rat (D)
9 creatures vanquished.

Notes
Turn   | Place    | Note
--------------------------------------------------------------
     0 | D        | Kidiri the Minotaur Fighter began the quest for the Orb.
     0 | D        | Reached XP level 1. HP: 19/19 MP: 0/0
    20 | D        | Reached skill level 4 in Fighting
    54 | D        | Found a sacrificial altar of Ru.
    54 | D        | Found a basalt altar of Yredelemnul.
    54 | D        | Found a shadowy altar of Dithmenos.
    54 | D        | Found a deep blue altar of Sif Muna.
    54 | D        | Found a burning altar of Makhleb.
    54 | D        | Found a shimmering altar of Xom.
    54 | D        | Found an ancient bone altar of Kikubaaqudgha.
    54 | D        | Found a sparkling altar of Nemelex Xobeh.
    55 | D        | Found a glowing golden altar of the Shining One.
    55 | D        | Found a bloodstained altar of Trog.
    55 | D        | Found a shattered altar of Ashenzari.
    55 | D        | Found a white marble altar of Elyvilon.
    55 | D        | Found a snail-covered altar of Cheibriados.
    55 | D        | Found a blossoming altar of Fedhas.
    55 | D        | Found a radiant altar of Vehumet.
    55 | D        | Found a glowing silver altar of Zin.
    55 | D        | Found a corrupted altar of Lugonu.
    55 | D        | Found a viscous altar of Jiyva.
    55 | D        | Found a roughly hewn altar of Beogh.
    55 | D        | Found an iron altar of Okawaru.
    61 | D        | Found a stormy altar of Qazlal.
    62 | D        | Found an opulent altar of Gozag.
    64 | D        | Became a worshipper of Warmaster Okawaru
    83 | D        | Reached skill level 1 in Maces & Flails
    83 | D        | Reached skill level 1 in Dodging
   157 | D        | Reached XP level 2. HP: 26/28 MP: 1/1
   160 | D        | Reached skill level 1 in Invocations
   183 | D        | Noticed a phantom
   200 | D        | Slain by a phantom

Vault maps used:
D:        pitsprint

Action                   || total
-------------------------++-------
Melee: Mace              ||    29
       Unarmed           ||     1
